 Dungeon Crawl Stone Soup version 0.30-a0-223-gcb0039aa0c (webtiles) character file.

Game seed: 15982859736484426108

2557 qw the Cleaver (level 9, -2/55 HPs)
             Began as a Gargoyle Fighter on Oct 9, 2022.
             Killed from afar by a gargoyle (6 damage)
             ... with a stone arrow
             ... on level 8 of the Dungeon.
             The game lasted 00:02:40 (7111 turns).

qw the Cleaver (Gargoyle Fighter)                   Turns: 7111, Time: 00:02:40

Health: -2/55      AC: 18    Str: 25    XL:     9   Next: 56%
Magic:  9/9        EV: 10    Int:  8    God:
Gold:   263        SH:  9    Dex:  9    Spells: 8/8 levels left

rFire   . . .      SeeInvis +    Y - +1 war axe
rCold   . . .      Faith    .    b - +0 kite shield
rNeg    + . .      Spirit   .    l - +0 plate armour
rPois   inf        Reflect  .    (no helmet)
rElec   +          Harm     .    (no cloak)
rCorr   .          Rampage  .    (no gloves)
Will    .....                    (no boots)
Stlth   ..........               (no amulet)
HPRegen 0.29/turn                j - ring of see invisible
MPRegen 0.11/turn                m - +4 ring of evasion

@: no status effects
A: sickness immunity, AC +6, negative energy resistance 1, electricity
resistance, torment resistance 1, petrification resistance
a: no special abilities


You were on level 8 of the Dungeon.
You visited 2 branches of the dungeon, and saw 9 of its levels.

You collected 263 gold pieces.


Innate Abilities, Weirdness & Mutations

You are immune to sickness and miasma.
Your stone body is resilient. (AC +6)
You are immune to poison.
You resist negative energy. (rN+)
You are resistant to electric shocks. (rElec)
You are resistant to unholy torment.
You are immune to petrification.


   Skills:
 - Level 6.0 Fighting
 + Level 8.3 Axes
 - Level 1.5 Throwing
 - Level 4.0 Armour
 - Level 2.0 Dodging
 - Level 8.1 Shields


You had 8 spell levels left.
You didn't know any spells.
Your spell library was empty.

Inventory:

Hand Weapons
 h - a +0 flail
 Y - a +1 war axe (weapon)
Armour
 b - a +0 kite shield (worn)
 l - a +0 plate armour (worn)
Jewellery
 j - a ring of see invisible (left hand)
 m - a +4 ring of evasion (right hand)
Wands
 o - a wand of digging (6)
Scrolls
 e - a scroll of identify
Potions
 a - a potion of attraction
 d - 2 potions of might
 f - a potion of resistance
 i - a potion of magic {unknown}
 n - 3 potions of curing

Dungeon Overview and Level Annotations

Branches:
Dungeon (8/15)             Temple (1/1) D:4
   Lair: D:8-11

Altars:
Ashenzari
Cheibriados
Dithmenos
Elyvilon
Fedhas
Gozag
Hepliaklqana
Kikubaaqudgha
Makhleb
Nemelex Xobeh
Qazlal
Ru
Sif Muna
Uskayaw
Vehumet
Wu Jian
Xom
Yredelemnul
Zin

Annotations:
D:6 3 runed translucent doors, qw's ghost, novice GrFi


Message History

You closely miss the killer bee. You hit the killer bee.
You slash the killer bee!
You kill the killer bee!
The killer bee stings you. The killer bee barely misses you. x2
The killer bee stings you! The gargoyle hits you with a +0 mace.
The killer bee stings you but does no damage.
You block the killer bee's attack.
You slash the killer bee!
You kill the killer bee!
You barely miss the gargoyle. You miss the killer bee.
You block the killer bee's attack.
The killer bee stings you but does no damage.
The gargoyle hurls a stone arrow at you.
The stone arrow misses you.
You hit the killer bee.
The killer bee is heavily wounded.
You hit the kobold but do no damage. You hit the gargoyle.
The killer bee barely misses you. The kobold barely misses you.
The killer bee stings you.
The gargoyle hits you but does no damage.
You miss the killer bee.
The killer bee is heavily wounded.
You hit the gargoyle but do no damage. You closely miss the kobold.
The killer bee stings you but does no damage.
The killer bee closely misses you. You block the kobold's attack.
The gargoyle barely misses you.
The killer bee stings you but does no damage.
You slash the killer bee!
The killer bee is almost dead.
You barely miss the gargoyle. You hit the kobold.
You kill the kobold!
The killer bee stings you but does no damage.
The gargoyle hits you with a +0 mace. You block the killer bee's attack.
You closely miss the killer bee.
The killer bee is almost dead.
You barely miss the gargoyle. You slash the kobold brigand!
The killer bee barely misses you. You block the killer bee's attack.
The gargoyle hurls a stone arrow at you.
The stone arrow hits you.
You die...

### .# #.~~...##.
#.. ... ~~....>..
#.# #~.#~).....!.
#.# #~........./.
#.# #~~##~~~.....
#.## #.~..~.......
#####..##
#.~~y9KK.....
......#.## #.#~~@#
####.###.###.##~##
.!..## ##.##.##.#
####.###.#<.....#
##.#.##.....##
##.###...?..# #.#
#......# #.#
#.....<# #.#
######.#


You could see a gargoyle, a kobold brigand, a killer bee and a kobold.

Vanquished Creatures
  Grinder (D:5)
  3 water moccasins
  3 ice beasts
  3 black bears
  A sky beast (D:7)
  A kobold brigand (D:4)
  2 phantoms
  4 scorpions
  3 necrophages
  3 bullfrogs
  4 killer bees (D:8)
  A hound (D:5)
  An orc priest (D:7)
  2 jellies
  An iguana (D:7)
  Ijyb (D:5)
  2 orc wizards (D:6)
  6 adders
  A shadow imp (D:3)
  5 white imps
  An ufetubus (D:5)
  2 worms
  3 dart slugs
  11 orcs
  2 bats (D:1)
  7 endoplasms
  A giant cockroach (D:2)
  8 goblins
  11 hobgoblins
  9 jackals
  22 kobolds
  3 quokkas
  11 ball pythons
  A frilled lizard (D:2)
  4 rats
144 creatures vanquished.

Vanquished Creatures (others)
  45 plants (D:4)
45 creatures vanquished.

Grand Total: 189 creatures vanquished

Notes
Turn   | Place    | Note
-------+----------+-------------------------------------------
     0 | D:1      | qw the Gargoyle Fighter began the quest for the Orb.
     0 | D:1      | Reached XP level 1. HP: 14/14 MP: 1/1
     0 | D:1      | 0 ||| qw: Version: 0.2-a-17-g06abaee
     0 | D:1      | 0 ||| qw: Game counter: 2122
     0 | D:1      | 0 ||| qw: Always use a shield: true
     0 | D:1      | 0 ||| qw: God list: Okawaru
     0 | D:1      | 0 ||| qw: Allow faded altars: false
     0 | D:1      | 0 ||| qw: Do Orc after D:15 true
     0 | D:1      | 0 ||| qw: Do second Lair branch before Depths: true
     0 | D:1      | 0 ||| qw: Lair rune preference: random
     0 | D:1      | 0 ||| qw: Plans: Normal, Zot:1-4, God:TSO, Crypt, Tomb,
                  | Pan, Slime:5, Hells, Abyss, Orb
     0 | D:1      | 0 ||| PLANNING D:1-11
    50 | D:1      | 50 ||| Stepping ~*~*~tactically~*~*~ (stealth).
    51 | D:1      | 51 ||| Stepping ~*~*~tactically~*~*~ (stealth).
   169 | D:1      | Reached XP level 2. HP: 17/19 MP: 2/2
   252 | D:1      | Found a faded altar of an unknown god.
   289 | D:1      | 289 ||| Stepping ~*~*~tactically~*~*~ (stealth).
   387 | D:1      | Reached skill level 3 in Axes
   389 | D:1      | 389 ||| Stepping ~*~*~tactically~*~*~ (stealth).
   408 | D:1      | Reached XP level 3. HP: 17/23 MP: 3/3
   600 | D:1      | 600 ||| READING scroll labelled UCUITO ARAFRAM.
   601 | D:1      | 601 ||| READING scroll labelled BUPNIG HIARA.
   628 | D:2      | 628 ||| STAIRDANCE
   710 | D:2      | 710 ||| Stepping ~*~*~tactically~*~*~ (stealth).
   807 | D:2      | 807 ||| DROPPING +0 club.
  1009 | D:2      | Reached XP level 4. HP: 25/28 MP: 4/4
  1069 | D:2      | 1069 ||| READING scroll labelled EGGOTA PYMUAPH.
  1070 | D:2      | 1070 ||| READING 2 scrolls of identify.
  1070 | D:2      | 1070 ||| IDENTIFYING puce potion
  1105 | D:3      | 1105 ||| STAIRDANCE
  1151 | D:3      | 1151 ||| Stepping ~*~*~tactically~*~*~ (hiding).
  1330 | D:3      | 1330 ||| Stepping ~*~*~tactically~*~*~ (hiding).
  1763 | D:3      | Found a basalt altar of Yredelemnul.
  1778 | D:3      | Found a hazy altar of Hepliaklqana.
  1787 | D:3      | 1787 ||| Stepping ~*~*~tactically~*~*~ (stealth).
  1790 | D:3      | 1790 ||| Stepping ~*~*~tactically~*~*~ (stealth).
  1792 | D:3      | 1792 ||| Stepping ~*~*~tactically~*~*~ (hiding).
  2105 | D:3      | Found a snail-covered altar of Cheibriados.
  2150 | D:3      | Found a burning altar of Makhleb.
  2159 | D:3      | 2159 ||| UPGRADING to +0 plate armour.
  2169 | D:3      | 2169 ||| DROPPING +0 scale mail.
  2170 | D:3      | 2170 ||| UPGRADING to ring of see invisible.
  2171 | D:3      | 2171 ||| READING scroll labelled NOXZAO QUMITARGH.
  2172 | D:3      | 2172 ||| READING scroll labelled YSAHEI TAAR.
  2173 | D:3      | 2173 ||| READING scroll labelled ZEOC ECAOK.
  2176 | D:3      | 2176 ||| READING 2 scrolls of identify.
  2176 | D:3      | 2176 ||| IDENTIFYING glowing pink potion
  2177 | D:3      | 2177 ||| DROPPING potion of flight.
  2249 | D:4      | Noticed a phantom
  2256 | D:4      | Killed a phantom
  2257 | D:4      | Reached XP level 5. HP: 26/32 MP: 5/5
  2444 | D:4      | Noticed a black bear
  2455 | D:4      | HP: 7/32 [black bear (3)]
  2456 | D:4      | Killed a black bear
  2457 | D:4      | Reached XP level 6. HP: 9/39 MP: 6/6
  2662 | D:4      | Found a staircase to the Ecumenical Temple.
  2663 | D:4      | 2663 ||| PLANNING TEMPLE
  2663 | D:4      | 2663 ||| READING scroll labelled YSUOX FYNNY.
  2669 | Temple   | Entered the Ecumenical Temple
  2764 | Temple   | 2764 ||| PLANNING D:1-11
  3120 | D:4      | 3120 ||| Stepping ~*~*~tactically~*~*~ (stealth).
  3143 | D:4      | 3143 ||| Stepping ~*~*~tactically~*~*~ (stealth).
  3150 | D:4      | 3150 ||| Stepping ~*~*~tactically~*~*~ (stealth).
  3194 | D:4      | HP: 7/39 [kobold brigand/+0 short sword (8)]
  3198 | D:4      | HP: 3/39 [kobold brigand/+0 short sword (5)]
  3235 | D:4      | 3235 ||| FLEEEEING.
  3355 | D:4      | 3355 ||| Stepping ~*~*~tactically~*~*~ (hiding).
  3360 | D:4      | 3360 ||| Stepping ~*~*~tactically~*~*~ (hiding).
  3373 | D:4      | 3373 ||| DROPPING +0 whip.
  3398 | D:4      | 3398 ||| Stepping ~*~*~tactically~*~*~ (stealth).
  3399 | D:4      | 3399 ||| Stepping ~*~*~tactically~*~*~ (stealth).
  3700 | D:4      | 3700 ||| UPGRADING to +4 ring of evasion.
  3701 | D:4      | 3701 ||| READING scroll labelled TOUN FAUX RANN.
  3702 | D:4      | 3702 ||| DRINKING 2 murky coppery potions.
  3703 | D:4      | 3703 ||| READING 2 scrolls of identify.
  3703 | D:4      | 3703 ||| IDENTIFYING smoky yellow potion
  3718 | D:5      | Entered Level 5 of the Dungeon
  3736 | D:5      | Reached skill level 6 in Axes
  3736 | D:5      | Reached XP level 7. HP: 24/44 MP: 7/7
  3896 | D:5      | Identified the +6 hand axe of Light {distort, rCorr Str+4
                  | Int+3}
  3898 | D:5      | 3898 ||| DROPPING +6 hand axe of Light {distort, rCorr
                  | Str+4 Int+3}.
  4084 | D:5      | Identified the +10 short sword "Transmigrator" {freeze,
                  | rPois rCorr Dex-3}
  4085 | D:5      | Noticed Grinder
  4100 | D:5      | Paralysed by Grinder for 3 turns
  4108 | D:5      | 4108 ||| Stepping ~*~*~tactically~*~*~ (hiding).
  4115 | D:5      | Killed Grinder
  4116 | D:5      | Reached skill level 6 in Fighting
  4116 | D:5      | Reached XP level 8. HP: 25/51 MP: 8/8
  4229 | D:5      | 4229 ||| Stepping ~*~*~tactically~*~*~ (stealth).
  4230 | D:5      | 4230 ||| Stepping ~*~*~tactically~*~*~ (stealth).
  4340 | D:5      | Found a hide-covered altar of Uskayaw.
  4552 | D:5      | Noticed Ijyb
  4589 | D:5      | Killed Ijyb
  4630 | D:5      | 4630 ||| UPGRADING to +0 kite shield.
  4640 | D:5      | 4640 ||| DROPPING +0 buckler.
  4641 | D:5      | 4641 ||| READING scroll labelled POLEATH JAPTO.
  4642 | D:5      | 4642 ||| DRINKING 2 viscous emerald potions.
  4643 | D:5      | 4643 ||| DROPPING potion of degeneration.
  4656 | D:6      | 4656 ||| STAIRDANCE
  4712 | D:6      | 4712 ||| STAIRDANCE
  4723 | D:6      | 4723 ||| STAIRDANCE
  4861 | D:6      | Reached skill level 6 in Shields
  4870 | D:6      | Identified the +0 long sword "Laeph" {pain, rC+ Dex+5 SInv}
  5096 | D:6      | 5096 ||| DROPPING +2 whip of flaming.
  5311 | D:6      | Reached skill level 1 in Throwing
  5413 | D:6      | Found a runed translucent gate.
  5414 | D:6      | Found a runed translucent gate.
  5415 | D:6      | Found a runed translucent gate.
  5438 | D:6      | Found an opulent altar of Gozag.
  5439 | D:6      | Noticed a cyclops
  5439 | D:6      | Noticed qw's ghost (novice GrFi)
  5439 | D:6      | Noticed an unseen horror
  5440 | D:6      | Noticed a yak
  5625 | D:6      | Reached XP level 9. HP: 55/55 MP: 9/9
  5632 | D:6      | 5632 ||| Stepping ~*~*~tactically~*~*~ (hiding).
  5633 | D:6      | 5633 ||| Stepping ~*~*~tactically~*~*~ (hiding).
  5649 | D:6      | 5649 ||| DRINKING 3 potions of curing.
  5649 | D:6      | 5649 ||| (to cure confusion)
  5854 | D:6      | 5854 ||| READING scroll labelled GEOBRU MAECK.
  5855 | D:6      | 5855 ||| READING scroll labelled YLUKHL UNIUDUL.
  5856 | D:6      | 5856 ||| READING 2 scrolls of identify.
  5856 | D:6      | 5856 ||| IDENTIFYING silvery potion
  5857 | D:6      | 5857 ||| DROPPING potion of brilliance.
  6101 | D:7      | Found a faded altar of an unknown god.
  6101 | D:7      | Found an ancient bone altar of Kikubaaqudgha.
  6108 | D:7      | Found a sacrificial altar of Ru.
  6110 | D:7      | Found a faded altar of an unknown god.
  6112 | D:7      | Found a broken altar of Ashenzari.
  6314 | D:7      | Found a white marble altar of Elyvilon.
  6527 | D:7      | 6527 ||| Stepping ~*~*~tactically~*~*~ (hiding).
  6528 | D:7      | 6528 ||| Stepping ~*~*~tactically~*~*~ (hiding).
  6940 | D:7      | 6940 ||| READING scroll labelled LECVOQUMAU.
  7041 | D:7      | 7041 ||| READING scroll labelled FYNTINGUSIKH.
  7092 | D:8      | Noticed a gargoyle
  7106 | D:8      | HP: 13/55 [killer bee (7)]
  7110 | D:8      | HP: 4/55 [gargoyle/+0 mace (4)]
  7111 | D:8      | Killed from afar by a gargoyle

Levels and vault maps discovered:
D:1:      dpeg_arrival_central, layout_rooms,
          hellmonk_ecumenical_altar_slurped_away
D:2:      layout_basic
D:3:      layout_loops_ring, mainiacjoe_overflow_two_lobes,
          mainiacjoe_overflow_large_starburst
D:4:      kennysheep_kobold_camp, layout_loops_corners,
          minmay_temple_entry_fiery
D:5:      layout_basic, mainiacjoe_overflow_alcove_1, uniq_grinder, uniq_ijyb
D:6:      layout_cave_pods, ebering_ghost_gozag, kennysheep_pointless_box
D:7:      layout_gridville, mainiacjoe_overflow_alcove_2,
          chequers_temple_overflow_minitemple
D:8:      layout_loops_ring, okawaru_trees_1, nicolae_overflow_squiral,
          serial_rivers, chequers_serial_rivers_micro_e,
          chequers_serial_rivers_large_b, chequers_serial_rivers_small_b,
          chequers_serial_rivers_micro_d
Temple:   hellmonk_temple_beads

Skill      XL: |  1  2  3  4  5  6  7  8  9 |
---------------+----------------------------+-----
Axes           | 2 3 5 6 7 8 |  8.3
Fighting       | 4 6 |  6.0
Shields        | 7 8 |  8.1
Throwing       | 1 |  1.5
Armour         | 4 |  4.0
Dodging        | 2 |  2.0

Action                   |  1- 3 |  4- 6 |  7- 9 || total
-------------------------+-------+-------+-------++-------
Melee: War axe           |   130 |   155 |   291 ||   576
Throw: Boomerang         |     4 |       |    12 ||    16
  Use: Scroll            |     2 |     9 |     6 ||    17
       Potion            |       |     1 |     2 ||     3
Armor: Scale mail        |    63 |    27 |       ||    90
       Plate armour      |       |    70 |   181 ||   251
Dodge: Dodged            |    54 |    64 |   157 ||   275
Block: Buckler           |    27 |    26 |    25 ||    78
       Kite shield       |       |       |   103 ||   103

Table legend:
 A = Non-vault XP
 B = Vault XP
 C = Vault XP percentage of total XP
 D = Non-vault monster count
 E = Vault monster count
 F = Vault count percentage of total count
                 A         B        C        D         E       F
            +---------+---------+-------+---------+---------+-------
      Total |    3202 |     452 |  12.4 |     120 |      24 |  16.7
            +---------+---------+-------+---------+---------+-------
        D:1 |      43 |       2 |   4.4 |      23 |       1 |   4.2
        D:2 |      55 |       0 |   0.0 |      18 |       0 |   0.0
        D:3 |      40 |       0 |   0.0 |      15 |       0 |   0.0
        D:4 |     249 |     126 |  33.6 |       9 |      21 |  70.0
        D:5 |     648 |     324 |  33.3 |      14 |       2 |  12.5
        D:6 |    1217 |       0 |   0.0 |      21 |       0 |   0.0
        D:7 |     612 |       0 |   0.0 |      14 |       0 |   0.0
        D:8 |     338 |       0 |   0.0 |       6 |       0 |   0.0
            +---------+---------+-------+---------+---------+-------
